Hurricanes vs Rangers

Created - Tuesday, October 14, 2014 at 23:16

Goals
1 2 3 T
Hurricanes 2 0 1 3
Rangers 0 0 1 1
Shots
1 2 3 T
Hurricanes 19 8 13 40
Rangers 6 3 4 13

1st period

1. Hurricanes , Mike Fisher 2 (Aaron Ness, Marian Gaborik) at 5:24 (PP)
2. Hurricanes , Mike Fisher 3 (Loui Eriksson, Marian Gaborik) at 12:07

Penalties :
Jeff Skinner (NYR) for High sticking (Minor) at 5:03, Francis Bouillon (NYR) for Hooking (Minor) at 7:24, Maxim Lapierre (NYR) for Roughing (Minor) at 17:23

2nd period

No Goal

Penalties :
Francis Bouillon (NYR) for High sticking (Minor) at 0:11, Barret Jackman (NYR) for Holding (Minor) at 13:16

3rd period

3. Rangers , Jeff Skinner 2 (Nate Guenin) at 3:21
4. Hurricanes , Loui Eriksson 1 (Marian Gaborik, Mike Fisher) at 8:45

Penalties :
Barret Jackman (NYR) for Tripping (Minor) at 3:32, Jeff Skinner (NYR) for Hooking (Minor) at 13:08

Goalie Stats

Brian Elliott (Car), 12 saves from 13 shots - (0.923), W, 4-0-0, 60:00 minutes
Jaroslav Halak (NYR), 37 saves from 40 shots - (0.925), L, 1-3-1, 60:00 minutes

Players Stats for Hurricanes

Player Name              G  A  P  +/- PIM S  H  SB GA TA FO     MP     PP MP  PK MP  
------------------------------------------------------------------------------------
Aaron Ness               0  1  1   0  0   2  0  0  0  1  0/0    23:11   6:53   0:00 
Brian Flynn              0  0  0   0  0   2  0  0  0  0  1/1    10:38   0:00   0:00 
Dainius Zubrus           0  0  0   0  0   3  3  0  0  0  0/1    12:58   0:00   0:00 
Dan Girardi              0  0  0   0  0   5  6  2  0  0  0/0    23:11   6:53   0:00 
Francois Beauchemin      0  0  0  -1  0   1  1  2  0  4  0/0    22:25   5:22   0:00 
Jiri Hudler              0  0  0  -1  0   3  1  0  5  0  0/0    17:58   6:15   0:00 
Loui Eriksson            1  1  2   2  0   3  1  0  2  0  1/1    18:26   6:00   0:00 
Marian Gaborik           0  3  3   2  0   1  0  0  6  0  1/1    18:26   6:00   0:00 
Mark Arcobello           0  0  0   0  0   2  0  0  0  0  1/3    12:58   0:00   0:00 
Marty Havlat             0  0  0   0  0   1  0  0  3  0  0/0    12:58   0:00   0:00 
Mike Fisher              2  1  3   2  0   6  4  0  6  1  10/13  18:26   6:00   0:00 
Mikhail Grabovski        0  0  0  -1  0   2  2  0  0  1  13/18  17:58   6:15   0:00 
Nate Prosser             0  0  0   2  0   1  2  3  0  1  0/0    14:24   0:00   0:00 
Radim Vrbata             0  0  0  -1  0   3  1  0  7  0  0/0    17:58   6:15   0:00 
Stephen Gionta           0  0  0   0  0   0  0  0  0  1  3/10   10:38   0:00   0:00 
Thomas Hickey            0  0  0  -1  0   1  3  0  0  2  0/0    22:25   5:22   0:00 
Viktor Stalberg          0  0  0   0  0   2  0  0  2  0  0/1    10:38   0:00   0:00 
Zbynek Michalek          0  0  0   2  0   2  2  0  0  1  0/0    14:24   0:00   0:00 

Players Stats for Rangers

Player Name              G  A  P  +/- PIM S  H  SB GA TA FO     MP     PP MP  PK MP  
------------------------------------------------------------------------------------
Barret Jackman           0  0  0  -1  4   0  0  5  0  0  0/0    19:52   0:00   1:25 
Brad Richardson          0  0  0   1  0   0  1  1  0  1  1/1    15:25   0:00   0:00 
Daniel Alfredsson        0  0  0   0  0   3  1  1  0  1  0/0    13:19   0:00   2:17 
Daniel Sedin             0  0  0   0  0   1  0  0  1  0  2/2    19:26   0:00   2:17 
Francis Bouillon         0  0  0   0  4   0  0  2  0  1  0/0    27:00   0:00   6:28 
James van Riemsdyk       0  0  0  -2  0   1  1  0  0  0  4/20   24:22   0:00   9:58 
Jamie McBain             0  0  0  -1  0   1  0  0  0  2  0/0    19:56   0:00   2:30 
Jay McClement            0  0  0   0  0   0  3  2  0  0  5/7    15:40   0:00   0:00 
Jeff Halpern             0  0  0  -2  0   0  1  0  0  0  4/6     7:12   0:00   0:00 
Jeff Skinner             1  0  1   1  4   3  2  0  6  1  2/9    14:36   0:00   0:00 
Kevin Shattenkirk        0  0  0   0  0   0  0  4  0  3  0/0    29:00   0:00   9:45 
Logan Couture            0  0  0   0  0   1  0  1  3  0  0/2    19:24   0:00   9:58 
Matt Moulson             0  0  0   1  0   1  3  0  1  1  1/1    13:58   0:00   0:00 
Maxim Lapierre           0  0  0  -2  2   0  0  0  0  0  0/0     7:40   0:00   0:00 
Nate Guenin              0  1  1   0  0   0  0  1  0  3  0/0    15:52   0:00   4:22 
Philip Larsen            0  0  0   0  0   0  0  2  0  0  0/0     9:37   0:00   0:00 
Tanner Glass             0  0  0   0  0   0  0  0  0  0  0/0     0:00   0:00   0:00 
Todd Bertuzzi            0  0  0   0  0   2  0  0  2  0  0/1    15:19   0:00   0:00 

3 Stars

1 - Mike Fisher (Car)
2 - Loui Eriksson (Car)
3 - Marian Gaborik (Car)

Power Play

Hurricanes - 1 on 7 Attempt(s) - 14.29%
Rangers - 0 on 0 Attempt(s) - 0.00%

Penalty Kill

Hurricanes - 0 on 0 Attempt(s) - 0.00% - Score 0 goal in Penalty Kill
Rangers - 6 on 7 Attempt(s) - 85.71% - Score 0 goal in Penalty Kill

Official

Referees : Unknown
Linesman : Unknown

Game Notes

No Game Note

Finance

Level 1 -- Attendance: 6000 (100.00%) -- Ticket Income $510,000
Level 2 -- Attendance: 5000 (100.00%) -- Ticket Income $225,000
Level 3 -- Attendance: 1880 (94.00%) -- Ticket Income $54,520
Level 4 -- Attendance: 3814 (95.35%) -- Ticket Income $57,210
Luxury Box -- Attendance: 927 (92.70%) -- Ticket Income $165,933
Game was played at the Madison Square Garden
Total Attendance: 17621 (97.89%)
Total Ticket Income: $1,012,663
Other Income: $496,205
Total Income: $1,508,868

Hurricanes

5 vs 5 Forward 
   Center                   Left Wing                Right Wing               Time % Phy DF OF 
 1 Mike Fisher              Loui Eriksson            Marian Gaborik           28     0   2  3  
 2 Mikhail Grabovski        Jiri Hudler              Radim Vrbata             27     0   2  3  
 3 Mark Arcobello           Dainius Zubrus           Marty Havlat             25     0   2  3  
 4 Stephen Gionta           Viktor Stalberg          Brian Flynn              20     0   2  3  

5 vs 5 Defense 
   Defense                  Defense                                           Time % Phy DF OF 
 1 Francois Beauchemin      Thomas Hickey                                     35     0   2  3  
 2 Dan Girardi              Aaron Ness                                        35     0   2  3  
 3 Zbynek Michalek          Nate Prosser                                      30     1   2  2  
 4 Francois Beauchemin      Thomas Hickey                                     0      0   2  3  

PowerPlay Forward 
   Center                   Left Wing                Right Wing               Time % Phy DF OF 
 1 Mike Fisher              Loui Eriksson            Marian Gaborik           50     0   1  4  
 2 Mikhail Grabovski        Jiri Hudler              Radim Vrbata             50     0   1  4  

PowerPlay Defense
   Defense                  Defense                                           Time % Phy DF OF 
 1 Francois Beauchemin      Thomas Hickey                                     50     0   1  4  
 2 Dan Girardi              Aaron Ness                                        50     0   1  4  

Penalty Kill 4 Players Forward 
   Center                   Wing                     Time % Phy DF OF 
 1 Stephen Gionta           Brian Flynn              50     0   4  1  
 2 Mark Arcobello           Dainius Zubrus           50     0   4  1  

Penalty Kill 4 Players Defense
   Defense                  Defense                  Time % Phy DF OF 
 1 Zbynek Michalek          Nate Prosser             50     1   4  0  
 2 Francois Beauchemin      Thomas Hickey            50     1   4  0  

Penalty Kill - 3 Players Forward 
   Forward                                           Time % Phy DF OF 
 1 Stephen Gionta                                    50     0   5  0  
 2 Mark Arcobello                                    50     0   5  0  

Penalty Kill - 3 Players Defense
   Defense                  Defense                  Time % Phy DF OF 
 1 Zbynek Michalek          Nate Prosser             50     1   4  0  
 2 Francois Beauchemin      Thomas Hickey            50     1   4  0  

4 vs 4 Forward 
   Center                   Wing                     Time % Phy DF OF 
 1 Mike Fisher              Marian Gaborik           50     0   2  3  
 2 Mikhail Grabovski        Radim Vrbata             50     0   2  3  

4 vs 4 Defense
   Defense                  Defense                  Time % Phy DF OF 
 1 Francois Beauchemin      Thomas Hickey            50     0   2  3  
 2 Dan Girardi              Aaron Ness               50     0   2  3  

Last Minutes Offensive
   Center                   Left Wing                Right Wing               Defense                  Defense                  
   Mike Fisher              Marian Gaborik           Radim Vrbata             Francois Beauchemin      Thomas Hickey            

Last Minutes Defensive
   Center                   Left Wing                Right Wing               Defense                  Defense                  
   Stephen Gionta           Dainius Zubrus           Brian Flynn              Zbynek Michalek          Francois Beauchemin      

Goaltenders
Starting : Brian Elliott            
Backup : Jhonas Enroth            

Extra Forwards
Normal : Mike Fisher, Radim Vrbata, Marian Gaborik - PP : Marian Gaborik, Radim Vrbata - PK : Stephen Gionta
Extra Defensemen
Normal : Francois Beauchemin, Thomas Hickey, Dan Girardi - PP : Francois Beauchemin - PK : Zbynek Michalek, Francois Beauchemin
Penalty Shots
Radim Vrbata, Marian Gaborik, Jiri Hudler, Mikhail Grabovski, Marty Havlat

Rangers

5 vs 5 Forward 
   Center                   Left Wing                Right Wing               Time % Phy DF OF 
 1 James van Riemsdyk       Logan Couture            Daniel Alfredsson        35     1   2  2  
 2 Jay McClement            Daniel Sedin             Todd Bertuzzi            30     1   2  2  
 3 Jeff Skinner             Matt Moulson             Brad Richardson          22     1   2  2  
 4 Jeff Halpern             James van Riemsdyk       Maxim Lapierre           13     1   2  2  

5 vs 5 Defense 
   Defense                  Defense                                           Time % Phy DF OF 
 1 Francis Bouillon         Kevin Shattenkirk                                 35     1   2  2  
 2 Barret Jackman           Jamie McBain                                      30     1   2  2  
 3 Francis Bouillon         Nate Guenin                                       22     1   2  2  
 4 Philip Larsen            Kevin Shattenkirk                                 13     1   2  2  

PowerPlay Forward 
   Center                   Left Wing                Right Wing               Time % Phy DF OF 
 1 James van Riemsdyk       Logan Couture            Daniel Alfredsson        60     1   2  2  
 2 Jay McClement            Daniel Sedin             Todd Bertuzzi            40     1   2  2  

PowerPlay Defense
   Defense                  Defense                                           Time % Phy DF OF 
 1 Francis Bouillon         Kevin Shattenkirk                                 60     1   2  2  
 2 Barret Jackman           Jamie McBain                                      40     1   2  2  

Penalty Kill 4 Players Forward 
   Center                   Wing                     Time % Phy DF OF 
 1 James van Riemsdyk       Logan Couture            60     1   2  2  
 2 Daniel Alfredsson        Daniel Sedin             40     1   2  2  

Penalty Kill 4 Players Defense
   Defense                  Defense                  Time % Phy DF OF 
 1 Francis Bouillon         Kevin Shattenkirk        60     1   2  2  
 2 Barret Jackman           Jamie McBain             40     1   2  2  

Penalty Kill - 3 Players Forward 
   Forward                                           Time % Phy DF OF 
 1 James van Riemsdyk                                60     1   2  2  
 2 Logan Couture                                     40     1   2  2  

Penalty Kill - 3 Players Defense
   Defense                  Defense                  Time % Phy DF OF 
 1 Philip Larsen            Kevin Shattenkirk        60     1   2  2  
 2 Barret Jackman           Jamie McBain             40     1   2  2  

4 vs 4 Forward 
   Center                   Wing                     Time % Phy DF OF 
 1 James van Riemsdyk       Logan Couture            60     1   2  2  
 2 Daniel Alfredsson        Daniel Sedin             40     1   2  2  

4 vs 4 Defense
   Defense                  Defense                  Time % Phy DF OF 
 1 Nate Guenin              Kevin Shattenkirk        60     1   2  2  
 2 Barret Jackman           Jamie McBain             40     1   2  2  

Last Minutes Offensive
   Center                   Left Wing                Right Wing               Defense                  Defense                  
   James van Riemsdyk       Logan Couture            Daniel Alfredsson        Barret Jackman           Kevin Shattenkirk        

Last Minutes Defensive
   Center                   Left Wing                Right Wing               Defense                  Defense                  
   James van Riemsdyk       Logan Couture            Daniel Alfredsson        Barret Jackman           Kevin Shattenkirk        

Goaltenders
Starting : Jaroslav Halak           
Backup : Tom McCollum             

Extra Forwards
Normal : Jeff Skinner, Matt Moulson, Brad Richardson - PP : Jeff Skinner, Matt Moulson - PK : Brad Richardson
Extra Defensemen
Normal : Francis Bouillon, Nate Guenin, Philip Larsen - PP : Francis Bouillon - PK : Nate Guenin, Philip Larsen
Penalty Shots
James van Riemsdyk, Logan Couture, Maxim Lapierre, Matt Moulson, Kevin Shattenkirk

% Time on Ice - Hurricanes

Lines # - Real PCT - Wanted PCT - Time Play
Normal Forward
1 - 26% - 28% - 12:26
2 - 25% - 27% - 11:43
3 - 27% - 25% - 12:58
4 - 22% - 20% - 10:38
Normal Defense
1 - 35% - 35% - 16:38
2 - 34% - 35% - 16:18
3 - 30% - 30% - 14:24
4 - 1% - 0% - 0:25
PP Forward
1 - 49% - 50% - 6:00
2 - 51% - 50% - 6:15
PP Defense
1 - 44% - 50% - 5:22
2 - 56% - 50% - 6:53
PK Forward
1 - 0% - 50%
2 - 0% - 50%
PK Defense
1 - 0% - 50%
2 - 0% - 50%
PK3 Forward
1 - 0% - 50%
2 - 0% - 50%
PK3 Defense
1 - 0% - 50%
2 - 0% - 50%
44 Forward
1 - 0% - 50%
2 - 0% - 50%
44 Defense
1 - 0% - 50%
2 - 0% - 50%
Last Minute Offensive  - 0:00
Last Minute Defensive  - 0:00
Total
Forward - 60:00
Defense - 60:00

% Time on Ice - Rangers

Lines # - Real PCT - Wanted PCT - Time Play
Normal Forward
1 - 20% - 35% - 9:26
2 - 36% - 30% - 17:09
3 - 29% - 22% - 13:58
4 - 15% - 13% - 7:12
Normal Defense
1 - 21% - 35% - 10:14
2 - 37% - 30% - 17:26
3 - 22% - 22% - 10:28
4 - 20% - 13% - 9:37
PP Forward
1 - 0% - 60%
2 - 0% - 40%
PP Defense
1 - 0% - 60%
2 - 0% - 40%
PK Forward
1 - 81% - 60% - 9:58
2 - 19% - 40% - 2:17
PK Defense
1 - 80% - 60% - 9:45
2 - 20% - 40% - 2:30
PK3 Forward
1 - 0% - 60%
2 - 0% - 40%
PK3 Defense
1 - 0% - 60%
2 - 0% - 40%
44 Forward
1 - 0% - 60%
2 - 0% - 40%
44 Defense
1 - 0% - 60%
2 - 0% - 40%
Last Minute Offensive  - 0:00
Last Minute Defensive  - 0:00
Total
Forward - 60:00
Defense - 60:00

Play by Play

1st period


0:01 of 1st period - Mike Fisher wins face-off versus James van Riemsdyk in neutral zone.
0:04 of 1st period - Kevin Shattenkirk is hit by Mike Fisher and loses puck.
0:55 of 1st period - Thomas Hickey is hit by Jay McClement and loses puck.
1:12 of 1st period - Jamie McBain is hit by Mikhail Grabovski and loses puck.
1:19 of 1st period - Jay McClement is hit by Radim Vrbata and loses puck.
1:37 of 1st period - Snap shot by Matt Moulson.
1:37 of 1st period - Deflect By Francois Beauchemin.
1:37 of 1st period - Shot Misses the Net.
1:37 of 1st period - Puck is out of play.
1:38 of 1st period - Mark Arcobello wins face-off versus Jeff Skinner in Hurricanes zone.
1:59 of 1st period - Snap shot by Jeff Skinner.
1:59 of 1st period - Shot Misses the Net.
3:09 of 1st period - Icing by Aaron Ness.
3:10 of 1st period - James van Riemsdyk wins face-off versus Stephen Gionta in Hurricanes zone.
3:11 of 1st period - Snap shot by Logan Couture.
3:11 of 1st period - Stopped by Brian Elliott with a rebound.
3:13 of 1st period - Slapshot by Philip Larsen.
3:13 of 1st period - Shot Misses the Net.
3:15 of 1st period - Wrist shot by Daniel Alfredsson.
3:15 of 1st period - Stopped by Brian Elliott without a rebound.
3:16 of 1st period - Mikhail Grabovski wins face-off versus James van Riemsdyk in Hurricanes zone.
3:26 of 1st period - Logan Couture is hit by Mikhail Grabovski and loses puck.
4:08 of 1st period - Snap shot by Daniel Sedin.
4:08 of 1st period - Shot Misses the Net.
4:24 of 1st period - Snap shot by Todd Bertuzzi.
4:24 of 1st period - Stopped by Brian Elliott without a rebound.
4:25 of 1st period - Mike Fisher wins face-off versus Jeff Skinner in Hurricanes zone.
4:36 of 1st period - Wrist shot by Jeff Skinner.
4:36 of 1st period - Shot Misses the Net.
4:38 of 1st period - Slapshot by Matt Moulson.
4:38 of 1st period - Stopped by Brian Elliott without a rebound.
4:39 of 1st period - Matt Moulson wins face-off versus Mark Arcobello in Hurricanes zone.
5:03 of 1st period - Minor Penalty to Jeff Skinner for High sticking.
5:04 of 1st period - Mike Fisher wins face-off versus James van Riemsdyk in Rangers zone.
5:18 of 1st period - Wrist shot by Mike Fisher.
5:18 of 1st period - Stopped by Jaroslav Halak with a rebound.
5:20 of 1st period - Snap shot by Mike Fisher.
5:20 of 1st period - Shot Misses the Net.
5:22 of 1st period - Slapshot by Aaron Ness.
5:22 of 1st period - Stopped by Jaroslav Halak with a rebound.
5:24 of 1st period - Wrist shot by Mike Fisher.
5:24 of 1st period - Goal by Mike Fisher - Hurricanes : 1 - Rangers : 0.
5:25 of 1st period - Mike Fisher wins face-off versus James van Riemsdyk in neutral zone.
5:32 of 1st period - Wrist shot by Marian Gaborik.
5:32 of 1st period - Shot Blocked by Francis Bouillon.
5:34 of 1st period - Slapshot by Zbynek Michalek.
5:34 of 1st period - Stopped by Jaroslav Halak with a rebound.
5:36 of 1st period - Slapshot by Zbynek Michalek.
5:36 of 1st period - Shot Blocked by Kevin Shattenkirk.
6:40 of 1st period - Wrist shot by Marty Havlat.
6:40 of 1st period - Stopped by Jaroslav Halak without a rebound.
6:41 of 1st period - Stephen Gionta wins face-off versus Jeff Skinner in Rangers zone.
7:08 of 1st period - Wrist shot by Viktor Stalberg.
7:08 of 1st period - Stopped by Jaroslav Halak with a rebound.
7:10 of 1st period - Slapshot by Dan Girardi.
7:10 of 1st period - Stopped by Jaroslav Halak with a rebound.
7:12 of 1st period - Snap shot by Brian Flynn.
7:12 of 1st period - Stopped by Jaroslav Halak with a rebound.
7:14 of 1st period - Slapshot by Dan Girardi.
7:14 of 1st period - Stopped by Jaroslav Halak with a rebound.
7:16 of 1st period - Wrist shot by Viktor Stalberg.
7:16 of 1st period - Shot Blocked by Nate Guenin.
7:18 of 1st period - Snap shot by Brian Flynn.
7:18 of 1st period - Shot Misses the Net.
7:24 of 1st period - Minor Penalty to Francis Bouillon for Hooking.
7:25 of 1st period - Mikhail Grabovski wins face-off versus James van Riemsdyk in Rangers zone.
7:45 of 1st period - Off-side.
7:46 of 1st period - Loui Eriksson wins face-off versus James van Riemsdyk in neutral zone.
9:24 of 1st period - Penalty to Francis Bouillon is over, Francis Bouillon is back on ice.
9:24 of 1st period - Snap shot by Marian Gaborik.
9:24 of 1st period - Shot Misses the Net.
9:26 of 1st period - Wrist shot by Mike Fisher.
9:26 of 1st period - Deflect By Loui Eriksson.
9:26 of 1st period - Stopped by Jaroslav Halak with a rebound.
9:28 of 1st period - Slapshot by Thomas Hickey.
9:28 of 1st period - Deflect By Mike Fisher.
9:28 of 1st period - Shot Misses the Net.
9:28 of 1st period - Puck is out of play.
9:29 of 1st period - Jeff Skinner wins face-off versus Mike Fisher in Rangers zone.
9:50 of 1st period - Slapshot by Marty Havlat.
9:50 of 1st period - Shot Misses the Net.
10:26 of 1st period - Wrist shot by Daniel Sedin.
10:26 of 1st period - Shot Misses the Net.
10:32 of 1st period - Jay McClement is hit by Thomas Hickey and loses puck.
10:43 of 1st period - Slapshot by Daniel Sedin.
10:43 of 1st period - Deflect By Todd Bertuzzi.
10:43 of 1st period - Stopped by Brian Elliott with a rebound.
11:05 of 1st period - Zbynek Michalek is hit by Jeff Halpern.
11:13 of 1st period - Off-side.
11:14 of 1st period - Mikhail Grabovski wins face-off versus James van Riemsdyk in neutral zone.
11:25 of 1st period - Wrist shot by Radim Vrbata.
11:25 of 1st period - Shot Misses the Net.
11:27 of 1st period - Slapshot by Mikhail Grabovski.
11:27 of 1st period - Stopped by Jaroslav Halak with a rebound.
11:29 of 1st period - Backhand shot by Dan Girardi.
11:29 of 1st period - Stopped by Jaroslav Halak with a rebound.
11:47 of 1st period - Francis Bouillon is hit by Dan Girardi and loses puck.
11:58 of 1st period - Francis Bouillon is hit by Zbynek Michalek and loses puck.
12:05 of 1st period - Snap shot by Marian Gaborik.
12:05 of 1st period - Stopped by Jaroslav Halak with a rebound.
12:07 of 1st period - Slapshot by Loui Eriksson.
12:07 of 1st period - Deflect By Mike Fisher.
12:07 of 1st period - Goal by Mike Fisher - Hurricanes : 2 - Rangers : 0.
12:08 of 1st period - Daniel Sedin wins face-off versus Mike Fisher in neutral zone.
12:43 of 1st period - Snap shot by Daniel Sedin.
12:43 of 1st period - Shot Blocked by Francois Beauchemin.
12:45 of 1st period - Slapshot by Barret Jackman.
12:45 of 1st period - Shot Misses the Net.
13:01 of 1st period - Dainius Zubrus is hit by Matt Moulson and loses puck.
13:28 of 1st period - Dainius Zubrus is hit by Jeff Skinner.
13:34 of 1st period - Brad Richardson is hit by Dainius Zubrus and loses puck.
13:52 of 1st period - Off-side.
13:53 of 1st period - Mikhail Grabovski wins face-off versus James van Riemsdyk in neutral zone.
14:11 of 1st period - Snap shot by Radim Vrbata.
14:11 of 1st period - Stopped by Jaroslav Halak without a rebound.
14:12 of 1st period - Jay McClement wins face-off versus Stephen Gionta in Rangers zone.
14:19 of 1st period - Aaron Ness is hit by Jay McClement and loses puck.
14:43 of 1st period - Francis Bouillon is hit by Dan Girardi and loses puck.
16:11 of 1st period - Kevin Shattenkirk is hit by Zbynek Michalek.
16:50 of 1st period - Snap shot by Marty Havlat.
16:50 of 1st period - Shot Blocked by Brad Richardson.
16:52 of 1st period - Wrist shot by Mark Arcobello.
16:52 of 1st period - Stopped by Jaroslav Halak without a rebound.
16:53 of 1st period - Brian Flynn wins face-off versus Jeff Halpern in Rangers zone.
17:08 of 1st period - Wrist shot by Maxim Lapierre.
17:08 of 1st period - Deflect By James van Riemsdyk.
17:08 of 1st period - Stopped by Brian Elliott without a rebound.
17:09 of 1st period - Jeff Halpern wins face-off versus Stephen Gionta in Hurricanes zone.
17:10 of 1st period - Snap shot by James van Riemsdyk.
17:10 of 1st period - Shot Misses the Net.
17:23 of 1st period - Minor Penalty to Maxim Lapierre for Roughing.
17:24 of 1st period - Mikhail Grabovski wins face-off versus James van Riemsdyk in Rangers zone.
17:46 of 1st period - Snap shot by Radim Vrbata.
17:46 of 1st period - Stopped by Jaroslav Halak without a rebound.
17:47 of 1st period - Mike Fisher wins face-off versus Logan Couture in Rangers zone.
17:54 of 1st period - Wrist shot by Mike Fisher.
17:54 of 1st period - Deflect By Loui Eriksson.
17:54 of 1st period - Stopped by Jaroslav Halak with a rebound.
17:56 of 1st period - Slapshot by Mike Fisher.
17:56 of 1st period - Stopped by Jaroslav Halak without a rebound.
17:57 of 1st period - Mike Fisher wins face-off versus James van Riemsdyk in Rangers zone.
19:23 of 1st period - Penalty to Maxim Lapierre is over, Maxim Lapierre is back on ice.
Goals for this period are 2 for Hurricanes vs 0 for Rangers.
Shots for this period are 19 for Hurricanes vs 6 for Rangers.

2nd period


0:01 of 2nd period - Mikhail Grabovski wins face-off versus Logan Couture in neutral zone.
0:11 of 2nd period - Minor Penalty to Francis Bouillon for High sticking.
0:12 of 2nd period - James van Riemsdyk wins face-off versus Mike Fisher in Rangers zone.
1:18 of 2nd period - Snap shot by Jiri Hudler.
1:18 of 2nd period - Shot Blocked by Logan Couture.
1:20 of 2nd period - Wrist shot by Jiri Hudler.
1:20 of 2nd period - Stopped by Jaroslav Halak with a rebound.
1:22 of 2nd period - Slapshot by Dan Girardi.
1:22 of 2nd period - Shot Misses the Net.
1:24 of 2nd period - Wrist shot by Jiri Hudler.
1:24 of 2nd period - Shot Misses the Net.
1:26 of 2nd period - Slapshot by Aaron Ness.
1:26 of 2nd period - Shot Blocked by Kevin Shattenkirk.
2:11 of 2nd period - Penalty to Francis Bouillon is over, Francis Bouillon is back on ice.
2:24 of 2nd period - Nate Prosser is hit by Daniel Alfredsson and loses puck.
2:37 of 2nd period - Nate Prosser is hit by Brad Richardson and loses puck.
2:44 of 2nd period - Snap shot by Jeff Skinner.
2:44 of 2nd period - Shot Misses the Net.
2:56 of 2nd period - Slapshot by Jeff Skinner.
2:56 of 2nd period - Stopped by Brian Elliott without a rebound.
2:57 of 2nd period - Stephen Gionta wins face-off versus Jay McClement in Hurricanes zone.
3:14 of 2nd period - Wrist shot by Brian Flynn.
3:14 of 2nd period - Shot Misses the Net.
3:50 of 2nd period - Jeff Skinner is hit by Dainius Zubrus and loses puck.
4:05 of 2nd period - Francois Beauchemin is hit by Matt Moulson and loses puck.
4:29 of 2nd period - Francois Beauchemin is hit by James van Riemsdyk and loses puck.
5:25 of 2nd period - Wrist shot by Daniel Sedin.
5:25 of 2nd period - Shot Blocked by Nate Prosser.
5:27 of 2nd period - Snap shot by Daniel Sedin.
5:27 of 2nd period - Stopped by Brian Elliott with a rebound.
6:13 of 2nd period - Backhand shot by Brian Flynn.
6:13 of 2nd period - Stopped by Jaroslav Halak with a rebound.
6:52 of 2nd period - Matt Moulson is hit by Thomas Hickey and loses puck.
7:06 of 2nd period - Snap shot by Marty Havlat.
7:06 of 2nd period - Shot Blocked by Philip Larsen.
8:10 of 2nd period - Philip Larsen is hit by Dan Girardi and loses puck.
8:26 of 2nd period - Off-side.
8:27 of 2nd period - Jeff Halpern wins face-off versus Mikhail Grabovski in neutral zone.
8:30 of 2nd period - Slapshot by Jamie McBain.
8:30 of 2nd period - Shot Misses the Net.
8:32 of 2nd period - Slapshot by Barret Jackman.
8:32 of 2nd period - Shot Misses the Net.
8:41 of 2nd period - Icing by Nate Prosser.
8:42 of 2nd period - Mikhail Grabovski wins face-off versus James van Riemsdyk in Hurricanes zone.
8:49 of 2nd period - Off-side.
8:50 of 2nd period - Mike Fisher wins face-off versus James van Riemsdyk in neutral zone.
9:45 of 2nd period - Jamie McBain is hit by Dainius Zubrus and loses puck.
9:54 of 2nd period - Slapshot by Mark Arcobello.
9:54 of 2nd period - Stopped by Jaroslav Halak with a rebound.
9:56 of 2nd period - Snap shot by Aaron Ness.
9:56 of 2nd period - Shot Blocked by Barret Jackman.
9:58 of 2nd period - Slapshot by Dan Girardi.
9:58 of 2nd period - Stopped by Jaroslav Halak without a rebound.
9:59 of 2nd period - Jay McClement wins face-off versus Mikhail Grabovski in Rangers zone.
10:04 of 2nd period - Wrist shot by Daniel Sedin.
10:04 of 2nd period - Shot Blocked by Dan Girardi.
10:06 of 2nd period - Slapshot by Kevin Shattenkirk.
10:06 of 2nd period - Deflect By Todd Bertuzzi.
10:06 of 2nd period - Shot Blocked by Dan Girardi.
10:06 of 2nd period - Puck is out of play.
10:07 of 2nd period - Mikhail Grabovski wins face-off versus Jay McClement in Hurricanes zone.
11:01 of 2nd period - Matt Moulson is hit by Mike Fisher and loses puck.
11:20 of 2nd period - Barret Jackman is hit by Dan Girardi and loses puck.
12:07 of 2nd period - Off-side.
12:08 of 2nd period - Jeff Halpern wins face-off versus Stephen Gionta in neutral zone.
12:11 of 2nd period - Slapshot by Jeff Skinner.
12:11 of 2nd period - Shot Blocked by Nate Prosser.
12:27 of 2nd period - Slapshot by Zbynek Michalek.
12:27 of 2nd period - Deflect By Viktor Stalberg.
12:27 of 2nd period - Stopped by Jaroslav Halak without a rebound.
12:28 of 2nd period - Jay McClement wins face-off versus Stephen Gionta in Rangers zone.
12:32 of 2nd period - Off-side.
12:33 of 2nd period - Mike Fisher wins face-off versus Todd Bertuzzi in neutral zone.
13:04 of 2nd period - Snap shot by Marian Gaborik.
13:04 of 2nd period - Shot Misses the Net.
13:06 of 2nd period - Slapshot by Francois Beauchemin.
13:06 of 2nd period - Shot Misses the Net.
13:08 of 2nd period - Snap shot by Francois Beauchemin.
13:08 of 2nd period - Shot Blocked by Barret Jackman.
13:16 of 2nd period - Minor Penalty to Barret Jackman for Holding.
13:17 of 2nd period - James van Riemsdyk wins face-off versus Mikhail Grabovski in Rangers zone.
14:29 of 2nd period - Logan Couture is hit by Mike Fisher.
15:05 of 2nd period - Daniel Sedin is hit by Mike Fisher.
15:16 of 2nd period - Penalty to Barret Jackman is over, Barret Jackman is back on ice.
15:40 of 2nd period - Snap shot by Dainius Zubrus.
15:40 of 2nd period - Stopped by Jaroslav Halak with a rebound.
15:42 of 2nd period - Snap shot by Dainius Zubrus.
15:42 of 2nd period - Shot Blocked by Barret Jackman.
15:44 of 2nd period - Slapshot by Nate Prosser.
15:44 of 2nd period - Deflect By Dainius Zubrus.
15:44 of 2nd period - Stopped by Jaroslav Halak without a rebound.
15:45 of 2nd period - Jeff Skinner wins face-off versus Stephen Gionta in Rangers zone.
17:08 of 2nd period - Snap shot by Jamie McBain.
17:08 of 2nd period - Stopped by Brian Elliott with a rebound.
17:10 of 2nd period - Slapshot by Kevin Shattenkirk.
17:10 of 2nd period - Deflect By James van Riemsdyk.
17:10 of 2nd period - Shot Misses the Net.
17:10 of 2nd period - Puck is out of play.
17:11 of 2nd period - Mikhail Grabovski wins face-off versus Jeff Halpern in Hurricanes zone.
18:08 of 2nd period - Brad Richardson is hit by Thomas Hickey and loses puck.
18:38 of 2nd period - Snap shot by Daniel Sedin.
18:38 of 2nd period - Shot Misses the Net.
19:36 of 2nd period - James van Riemsdyk is hit by Dan Girardi and loses puck.
19:43 of 2nd period - Wrist shot by Marty Havlat.
19:43 of 2nd period - Shot Blocked by Barret Jackman.
19:45 of 2nd period - Slapshot by Dan Girardi.
19:45 of 2nd period - Stopped by Jaroslav Halak without a rebound.
19:46 of 2nd period - Jeff Halpern wins face-off versus Mark Arcobello in Rangers zone.
19:46 of 2nd period - Jeff Halpern is hit by Francois Beauchemin.
Goals for this period are 0 for Hurricanes vs 0 for Rangers.
Shots for this period are 8 for Hurricanes vs 3 for Rangers.

3rd period


0:01 of 3rd period - James van Riemsdyk wins face-off versus Mikhail Grabovski in neutral zone.
0:08 of 3rd period - Off-side.
0:09 of 3rd period - Mikhail Grabovski wins face-off versus James van Riemsdyk in neutral zone.
0:28 of 3rd period - Wrist shot by Jiri Hudler.
0:28 of 3rd period - Stopped by Jaroslav Halak with a rebound.
1:00 of 3rd period - Wrist shot by Marian Gaborik.
1:00 of 3rd period - Shot Misses the Net.
1:02 of 3rd period - Slapshot by Francois Beauchemin.
1:02 of 3rd period - Stopped by Jaroslav Halak with a rebound.
1:04 of 3rd period - Slapshot by Thomas Hickey.
1:04 of 3rd period - Shot Blocked by Kevin Shattenkirk.
1:06 of 3rd period - Snap shot by Mike Fisher.
1:06 of 3rd period - Stopped by Jaroslav Halak with a rebound.
1:08 of 3rd period - Slapshot by Thomas Hickey.
1:08 of 3rd period - Stopped by Jaroslav Halak with a rebound.
1:10 of 3rd period - Snap shot by Francois Beauchemin.
1:10 of 3rd period - Shot Misses the Net.
1:56 of 3rd period - Snap shot by Marty Havlat.
1:56 of 3rd period - Shot Blocked by Daniel Alfredsson.
1:58 of 3rd period - Wrist shot by Nate Prosser.
1:58 of 3rd period - Stopped by Jaroslav Halak without a rebound.
1:59 of 3rd period - Jay McClement wins face-off versus Stephen Gionta in Rangers zone.
1:59 of 3rd period - Jay McClement is hit by Nate Prosser.
2:15 of 3rd period - Wrist shot by Todd Bertuzzi.
2:15 of 3rd period - Deflect By Zbynek Michalek.
2:15 of 3rd period - Shot Blocked by Nate Prosser.
2:15 of 3rd period - Puck is out of play.
2:16 of 3rd period - Daniel Sedin wins face-off versus Viktor Stalberg in Hurricanes zone.
2:25 of 3rd period - Wrist shot by Daniel Sedin.
2:25 of 3rd period - Shot Misses the Net.
3:01 of 3rd period - Backhand shot by Jiri Hudler.
3:01 of 3rd period - Shot Misses the Net.
3:03 of 3rd period - Slapshot by Dan Girardi.
3:03 of 3rd period - Shot Misses the Net.
3:05 of 3rd period - Wrist shot by Aaron Ness.
3:05 of 3rd period - Stopped by Jaroslav Halak without a rebound.
3:06 of 3rd period - Mikhail Grabovski wins face-off versus Jeff Skinner in Rangers zone.
3:21 of 3rd period - Wrist shot by Jeff Skinner.
3:21 of 3rd period - Goal by Jeff Skinner - Hurricanes : 2 - Rangers : 1.
3:22 of 3rd period - Mike Fisher wins face-off versus Jeff Skinner in neutral zone.
3:32 of 3rd period - Minor Penalty to Barret Jackman for Tripping.
3:33 of 3rd period - Mikhail Grabovski wins face-off versus James van Riemsdyk in Rangers zone.
3:33 of 3rd period - Wrist shot by Jiri Hudler.
3:33 of 3rd period - Shot Blocked by Francis Bouillon.
5:32 of 3rd period - Penalty to Barret Jackman is over, Barret Jackman is back on ice.
5:58 of 3rd period - Wrist shot by Marty Havlat.
5:58 of 3rd period - Deflect By Mark Arcobello.
5:58 of 3rd period - Shot Misses the Net.
5:58 of 3rd period - Puck is out of play.
5:59 of 3rd period - Brad Richardson wins face-off versus Dainius Zubrus in Rangers zone.
6:12 of 3rd period - Snap shot by Jeff Skinner.
6:12 of 3rd period - Stopped by Brian Elliott without a rebound.
6:13 of 3rd period - Stephen Gionta wins face-off versus Jeff Skinner in Hurricanes zone.
6:13 of 3rd period - Stephen Gionta is hit by Matt Moulson.
6:33 of 3rd period - Slapshot by Stephen Gionta.
6:33 of 3rd period - Shot Blocked by Barret Jackman.
6:35 of 3rd period - Slapshot by Zbynek Michalek.
6:35 of 3rd period - Stopped by Jaroslav Halak with a rebound.
7:13 of 3rd period - Snap shot by Mark Arcobello.
7:13 of 3rd period - Shot Misses the Net.
7:15 of 3rd period - Snap shot by Dainius Zubrus.
7:15 of 3rd period - Shot Misses the Net.
7:38 of 3rd period - Icing by Nate Guenin.
7:39 of 3rd period - Jay McClement wins face-off versus Mikhail Grabovski in Rangers zone.
8:17 of 3rd period - Wrist shot by Mikhail Grabovski.
8:17 of 3rd period - Stopped by Jaroslav Halak with a rebound.
8:45 of 3rd period - Snap shot by Loui Eriksson.
8:45 of 3rd period - Goal by Loui Eriksson - Hurricanes : 3 - Rangers : 1.
8:46 of 3rd period - Marian Gaborik wins face-off versus Jeff Skinner in neutral zone.
9:04 of 3rd period - Loui Eriksson is hit by Jeff Skinner and loses puck.
9:44 of 3rd period - Snap shot by Daniel Alfredsson.
9:44 of 3rd period - Stopped by Brian Elliott with a rebound.
9:46 of 3rd period - Wrist shot by Logan Couture.
9:46 of 3rd period - Shot Misses the Net.
10:35 of 3rd period - Nate Guenin is hit by Dan Girardi.
11:00 of 3rd period - Francis Bouillon is hit by Jiri Hudler and loses puck.
12:12 of 3rd period - Snap shot by Loui Eriksson.
12:12 of 3rd period - Shot Blocked by Jay McClement.
12:14 of 3rd period - Snap shot by Mike Fisher.
12:14 of 3rd period - Shot Blocked by Jay McClement.
12:16 of 3rd period - Slapshot by Thomas Hickey.
12:16 of 3rd period - Shot Blocked by Philip Larsen.
12:18 of 3rd period - Snap shot by Mike Fisher.
12:18 of 3rd period - Stopped by Jaroslav Halak with a rebound.
12:22 of 3rd period - Snap shot by Mike Fisher.
12:22 of 3rd period - Shot Misses the Net.
12:24 of 3rd period - Slapshot by Francois Beauchemin.
12:24 of 3rd period - Shot Misses the Net.
12:36 of 3rd period - Mark Arcobello is hit by Jay McClement and loses puck.
12:53 of 3rd period - Snap shot by Daniel Alfredsson.
12:53 of 3rd period - Stopped by Brian Elliott with a rebound.
12:55 of 3rd period - Snap shot by Daniel Alfredsson.
12:55 of 3rd period - Shot Misses the Net.
12:57 of 3rd period - Slapshot by Barret Jackman.
12:57 of 3rd period - Shot Misses the Net.
12:59 of 3rd period - Wrist shot by Logan Couture.
12:59 of 3rd period - Shot Blocked by Francois Beauchemin.
13:08 of 3rd period - Minor Penalty to Jeff Skinner for Hooking.
13:09 of 3rd period - Mikhail Grabovski wins face-off versus James van Riemsdyk in Rangers zone.
13:29 of 3rd period - Snap shot by Jiri Hudler.
13:29 of 3rd period - Stopped by Jaroslav Halak without a rebound.
13:30 of 3rd period - Mike Fisher wins face-off versus James van Riemsdyk in Rangers zone.
13:39 of 3rd period - Wrist shot by Marian Gaborik.
13:39 of 3rd period - Shot Misses the Net.
15:08 of 3rd period - Penalty to Jeff Skinner is over, Jeff Skinner is back on ice.
15:12 of 3rd period - Backhand shot by Marian Gaborik.
15:12 of 3rd period - Shot Misses the Net.
17:03 of 3rd period - Snap shot by Jiri Hudler.
17:03 of 3rd period - Shot Misses the Net.
17:05 of 3rd period - Snap shot by Radim Vrbata.
17:05 of 3rd period - Stopped by Jaroslav Halak with a rebound.
17:11 of 3rd period - Slapshot by Jiri Hudler.
17:11 of 3rd period - Shot Misses the Net.
17:13 of 3rd period - Slapshot by Nate Prosser.
17:13 of 3rd period - Shot Misses the Net.
17:15 of 3rd period - Slapshot by Zbynek Michalek.
17:15 of 3rd period - Shot Misses the Net.
17:42 of 3rd period - Kevin Shattenkirk is hit by Nate Prosser and loses puck.
17:59 of 3rd period - Snap shot by Marty Havlat.
17:59 of 3rd period - Shot Blocked by Kevin Shattenkirk.
18:01 of 3rd period - Wrist shot by Dainius Zubrus.
18:01 of 3rd period - Stopped by Jaroslav Halak with a rebound.
19:14 of 3rd period - Jeff Halpern is hit by Loui Eriksson and loses puck.
19:55 of 3rd period - Snap shot by Viktor Stalberg.
19:55 of 3rd period - Shot Misses the Net.
Goals for this period are 1 for Hurricanes vs 1 for Rangers.
Shots for this period are 13 for Hurricanes vs 4 for Rangers.


Output by the SimonT Hockey Simulator (STHS) for Eric Dolegowski -- Original Page W3C XHTML 1.0 Valid
Hockey Simulator - Hockey Simulation - Hockey Manager